[Event "Team 45 45 League T78"]
[Site "Internet Chess Club"]
[Date "2018.10.21"]
[Round "5"]
[White "backrankbrawler"]
[Black "Monterrey"]
[Result "0-1"]
[WhiteElo "1744"]
[BlackElo "2002"]
[Opening "King's Indian: East Indian defense"]
[ECO "A48"]
[Time "21:00:43"]
[TimeControl "2700+45"]

1. d4 Nf6 2. Nf3 g6 3. e3 Bg7 4. Be2 O-O 5. O-O d6 6. c4 Nbd7 7. Nc3 e5 8. b4
Re8 9. a4 e4 10. Ne1 Nf8 11. Qb3 Bf5 12. Nc2 h5 13. b5 h4 14. Nb4 h3 15. g3 Ne6
16. Nbd5 Ng5 17. Qd1 c6 18. Nb4 Qd7 19. Ba3 Bg4 20. a5 a6 21. Na4 Bxe2 22. Qxe2
Nf3+ 23. Kh1 Ng4 24. Nb6 Qc7 25. Nxa8 Rxa8 26. bxc6 bxc6 27. Rab1 Ngxh2 28. Rfd1
Ng4 29. Rb3 Qxa5 30. Nxc6 Qa4 31. Ne7+ Kf8 32. Nxg6+ fxg6 33. Bxd6+ Kg8 34. Rb2
Nxf2+ 35. Qxf2 Qxd1+ {White resigns} 0-1

[Event "Team 45 45 League T78"]
[Site "Internet Chess Club"]
[Date "2018.10.19"]
[Round "5"]
[White "ivanson"]
[Black "Ajolote"]
[Result "0-1"]
[WhiteElo "1723"]
[BlackElo "1891"]
[Opening "Sicilian: Alapin's variation (2.c3)"]
[ECO "B22"]
[Time "19:22:37"]
[TimeControl "2700+45"]

1. e4 c5 2. c3 Nf6 3. e5 Nd5 4. d4 cxd4 5. Nf3 Nc6 6. cxd4 g6 7. Qb3 Nb6 8. Nc3
Bg7 9. Bb5 O-O 10. O-O a6 11. Bxc6 dxc6 12. h3 Be6 13. Qd1 h6 14. b3 Nd5 15. Ne4
b6 16. Bd2 Qd7 17. Qc1 Kh7 18. Re1 Rac8 19. Qa3 a5 20. Rac1 g5 21. b4 axb4 22.
Bxb4 Bf5 23. Nc3 Ra8 24. Qb3 Nf4 25. Ne4 Kh8 26. Kh2 Be6 27. Qc2 Rxa2 28. Qxc6
Qxc6 29. Rxc6 Nd3 30. Rb1 Nxb4 31. Rxb4 Bd5 32. Nc3 Bxf3 33. gxf3 Rxf2+ 34. Kg3
Rc2 35. Rbxb6 Ra8 36. Nd5 Rd2 37. Nxe7 Raa2 38. f4 Rd3+ 39. Kg4 Rg2+ 40. Kf5
Rxd4 41. Ng6+ fxg6+ 42. Kxg6 gxf4+ 43. Kf7 Rd7+ 44. Ke8 Rgd2 45. Rd6 R7xd6 46.
exd6 f3 47. d7 f2 48. Rb1 Bf6 49. Kf7 Bh4 50. Kg6 Rxd7 51. Rb8+ Rd8 52. Rb7 f1=Q
{White resigns} 0-1

[Event "Team 45 45 League T78"]
[Site "Internet Chess Club"]
[Date "2018.10.20"]
[Round "5"]
[White "nealbruce"]
[Black "Manas"]
[Result "1-0"]
[WhiteElo "1675"]
[BlackElo "1740"]
[Opening "Sicilian: Alapin's variation (2.c3)"]
[ECO "B22"]
[Time "08:01:19"]
[TimeControl "2700+45"]

1. e4 c5 2. c3 Nf6 3. e5 Nd5 4. d4 cxd4 5. cxd4 e6 6. Nf3 Nc6 7. Bd3 d6 8. O-O
dxe5 9. dxe5 Bc5 10. a3 a5 11. Qc2 Qb6 12. Bxh7 Nd4 13. Nxd4 Bxd4 14. Nd2 Bxe5
15. Nf3 Bd6 16. Bg5 Bd7 17. Rac1 Bc6 18. Rfe1 Qc7 19. g3 Ne7 20. Nd4 g6 21. Bxe7
Kxe7 22. Bxg6 Rxh2 23. Nxc6+ bxc6 24. Kxh2 fxg6 25. Qxg6 Rh8+ 26. Kg2 Be5 27.
Rc5 Bxb2 28. Rxe6+ Kd7 29. Qf7+ Kd8 30. Qxc7+ Kxc7 31. Rexc6+ Kd7 32. a4 Ba3 33.
Rc7+ Kd6 34. R5c6+ Kd5 35. Ra6 Bb4 36. Rca7 Kc4 37. Rxa5 Bxa5 38. Rxa5 Kb4 39.
Ra7 Rh5 40. f4 Kc4 41. Kf3 Rd5 42. Kg4 Kd4 43. a5 Kc5 44. f5 Kc6 45. Kg5 Kd6 46.
g4 Re5 47. Ra6+ Kc7 48. Kf6 Rd5 49. g5 Kb7 50. Re6 Rxa5 51. g6 Ra8 52. g7 Kc7
53. Kf7 Rd8 54. g8=Q {Black resigns} 1-0

[Event "Team 45 45 League T78"]
[Site "Internet Chess Club"]
[Date "2018.10.20"]
[Round "5"]
[White "Sloggi"]
[Black "laurenpar"]
[Result "1-0"]
[WhiteElo "1971"]
[BlackElo "1867"]
[Opening "Queen's pawn"]
[ECO "A40"]
[Time "23:51:27"]
[TimeControl "2700+45"]

1. d4 e6 2. Nf3 f5 3. h3 Nf6 4. g4 fxg4 5. hxg4 Nxg4 6. Qd3 Nf6 7. Bg5 Nc6 8.
Rxh7 Rxh7 9. Qg6+ Ke7 10. Qxh7 Ke8 11. Qg6+ Ke7 12. e4 Qe8 13. Qh7 Kf7 14. Bxf6
Kxf6 15. e5+ Ke7 16. Qh4+ Kf7 17. Ng5+ Ke7 18. Bh3 {Black resigns} 1-0

[Event "Team 45 45 League T78"]
[Site "Internet Chess Club"]
[Date "2018.10.24"]
[Round "5"]
[White "Chessfish"]
[Black "cool64chess"]
[Result "1/2-1/2"]
[WhiteElo "1878"]
[BlackElo "1965"]
[Opening "French: Winawer, classical variation"]
[ECO "C18"]
[Time "21:36:40"]
[TimeControl "2700+45"]

1. e4 e6 2. d4 d5 3. Nc3 Bb4 4. e5 c5 5. a3 Bxc3+ 6. bxc3 Qc7 7. Nf3 Ne7 8. Bb5+
Bd7 9. a4 O-O 10. O-O Bxb5 11. axb5 Nd7 12. Bg5 Ng6 13. Qe2 Rfc8 14. Rfc1 Nb6
15. Nd2 cxd4 16. cxd4 Qc3 17. Nb3 Qc4 18. Qxc4 Rxc4 19. c3 a6 20. bxa6 Rxa6 21.
Na5 Rc8 22. Nxb7 Rxa1 23. Rxa1 Rxc3 24. Bd8 Nc4 25. g3 {Game drawn by mutual
agreement} 1/2-1/2

[Event "Team 45 45 League T78"]
[Site "Internet Chess Club"]
[Date "2018.10.20"]
[Round "5"]
[White "WillC"]
[Black "Fianchettoed"]
[Result "1-0"]
[WhiteElo "1703"]
[BlackElo "1743"]
[Opening "King's Indian: East Indian defense"]
[ECO "A48"]
[Time "12:02:18"]
[TimeControl "2700+45"]

1. d4 Nf6 2. Nf3 g6 3. b3 Bg7 4. Bb2 O-O 5. e3 c5 6. Bd3 cxd4 7. exd4 d5 8. O-O
Nc6 9. a3 Bg4 10. h3 Bd7 11. Nbd2 Qc7 12. Re1 e6 13. Rc1 Nh5 14. Ne5 f6 15. Nxd7
Qxd7 16. c4 Nf4 17. Bf1 Rae8 18. g3 Nh5 19. Be2 Bh6 20. Bxh5 gxh5 21. Rc2 Qf7
22. cxd5 exd5 23. Nf3 Qg6 24. Rce2 Kf7 25. Nh4 Qg5 26. Bc1 Qxc1 27. Rxe8 Rxe8
28. Qxh5+ {Black resigns} 1-0

[Event "Team 45 45 League T78"]
[Site "Internet Chess Club"]
[Date "2018.10.21"]
[Round "5"]
[White "kutch"]
[Black "rubo"]
[Result "1-0"]
[WhiteElo "1555"]
[BlackElo "1571"]
[Opening "Budapest: Rubinstein variation"]
[ECO "A52"]
[Time "21:00:50"]
[TimeControl "2700+45"]

1. d4 Nf6 2. c4 e5 3. dxe5 Ng4 4. Bf4 Nc6 5. Nf3 Bb4+ 6. Nc3 Qe7 7. Qd5 f6 8.
exf6 Nxf6 9. Qd3 d6 10. e3 O-O 11. Be2 Ne4 12. O-O Bxc3 13. bxc3 Bf5 14. Qd5+
Kh8 15. Rac1 Bg6 16. Bd3 Rae8 17. Rfd1 Rf5 18. Qxe4 Qxe4 19. Bxe4 Rxe4 20. Nd4
Nxd4 21. cxd4 Bf7 22. Rc3 Ra5 23. a3 b6 24. Rb1 Bg6 25. Rb5 Ra4 26. Rb4 Ra5 27.
Rb2 Rf5 28. f3 Re7 29. Bg3 h6 30. e4 Rf8 31. c5 dxc5 32. dxc5 Rd8 33. cxb6 cxb6
34. Kf2 Rd1 35. Ke3 Red7 36. Re2 Bf7 37. Rec2 b5 38. Rc1 Bc4 39. Rxd1 Rxd1 40.
e5 Kg8 41. Kf4 Kf7 42. Re3 Rd2 43. Kg4 Rxg2 44. f4 Rd2 45. f5 Rd4+ 46. Kh5 Kf8
47. e6 Rd3 48. Rxd3 Bxd3 49. Kg6 a5 50. Be5 Ke8 51. Bxg7 h5 52. Kf6 b4 53. axb4
axb4 54. Kg5 b3 55. Bb2 Ke7 56. Ba3+ Ke8 57. f6 Kd8 58. f7 {Black resigns} 1-0

[Event "Team 45 45 League T78"]
[Site "Internet Chess Club"]
[Date "2018.10.20"]
[Round "5"]
[White "nosir"]
[Black "Electryon"]
[Result "0-1"]
[WhiteElo "1383"]
[BlackElo "1466"]
[Opening "Queen's pawn, Mason variation"]
[ECO "D00"]
[Time "12:00:27"]
[TimeControl "2700+45"]

1. d4 d5 2. Bf4 Nf6 3. e3 c5 4. c3 Nc6 5. Nf3 cxd4 6. Nxd4 a6 7. Nd2 Nxd4 8.
exd4 Bf5 9. h3 e6 10. Nf3 Be7 11. Bd3 Bxd3 12. Qxd3 Ne4 13. O-O O-O 14. Rfe1 b5
15. Ne5 Rc8 16. Rac1 Nd6 17. Qe2 Nc4 18. a3 Bg5 19. Bxg5 Qxg5 20. Nd7 Rfd8 21.
Nc5 Rc6 22. Nd3 Rdc8 23. Ne5 Nxe5 24. Qxe5 Qxe5 25. Rxe5 a5 26. Re3 b4 27. axb4
axb4 28. Kf1 bxc3 29. Rcxc3 Rc4 30. Ke2 Rb8 31. Rb3 Rc2+ 32. Kd1 Rxb2 33. Rxb8+
Rxb8 34. Rc3 g6 35. Ke2 Rb4 36. Ke3 Kg7 37. Rd3 h5 38. g3 Kf6 39. h4 Kf5 40. Kf3
f6 41. Rd2 g5 42. hxg5 fxg5 43. Ke3 Rb3+ 44. Ke2 h4 45. gxh4 gxh4 46. f3 Kf4 47.
Kf2 Rxf3+ 48. Kg2 h3+ 49. Kh2 Ke4 50. Rd1 Rd3 51. Rg1 Kxd4 52. Rg4+ Kc3 {White
resigns} 0-1

[Event "Team 45 45 League T78"]
[Site "Internet Chess Club"]
[Date "2018.10.20"]
[Round "5"]
[White "clarinetref"]
[Black "Gilguli"]
[Result "0-1"]
[WhiteElo "1486"]
[BlackElo "1336"]
[Opening "Réti: King's Indian attack"]
[ECO "A05"]
[Time "10:07:15"]
[TimeControl "2700+45"]

1. Nf3 Nf6 2. g3 g6 3. b3 Bg7 4. Bb2 Nc6 5. c4 b6 6. Bg2 Bb7 7. O-O d6 8. d4 e6
9. Nbd2 Qd7 10. Rc1 O-O-O 11. a3 h5 12. h4 Bh6 13. Rc2 e5 14. dxe5 dxe5 15. Qa1
Rde8 16. Rd1 Qe6 17. e3 Nd7 18. Ne4 Rhg8 19. Neg5 Qe7 20. Rcd2 Nc5 21. Qa2 e4
22. Nd4 Bxg5 23. hxg5 Qxg5 24. Ne2 Nd3 25. Nc1 Nce5 26. Bxe5 Nxe5 27. Rd5 Bxd5
28. Rxd5 f5 29. Qe2 c6 30. Rd6 Qe7 31. Rd2 Qxa3 32. Ra2 Qxc1+ 33. Bf1 Kb7 34. c5
b5 35. b4 Nd3 36. Rc2 Qe1 37. Qxe1 Nxe1 38. Rd2 Nf3+ {White resigns} 0-1

[Event "Team 45 45 League T78"]
[Site "Internet Chess Club"]
[Date "2018.10.21"]
[Round "5"]
[White "SeniorCitizen"]
[Black "sdcohle"]
[Result "1/2-1/2"]
[WhiteElo "1240"]
[BlackElo "1369"]
[Opening "French: advance, Milner-Barry gambit"]
[ECO "C02"]
[Time "14:00:55"]
[TimeControl "2700+45"]

1. e4 e6 2. d4 d5 3. e5 c5 4. c3 Qb6 5. Nf3 Nc6 6. Bd3 cxd4 7. cxd4 Bd7 8. Bc2
Nb4 9. a3 Nxc2+ 10. Qxc2 Rc8 11. Nc3 Bb5 12. Qb3 Bc4 13. Qxb6 axb6 14. Kd2 Ne7
15. Re1 Ng6 16. g3 Be7 17. Kc2 O-O 18. b3 Ba6 19. Kb2 b5 20. b4 Rc7 21. Bd2 Rfc8
22. Rec1 Nf8 23. Ne2 Nd7 24. Rxc7 Rxc7 25. Rc1 Rc4 26. Rxc4 bxc4 27. Nc3 b5 28.
Kc2 f6 29. Bf4 fxe5 30. Bxe5 Kf7 31. Bf4 h6 32. Ne5+ Nxe5 33. Bxe5 Kg6 34. Bf4
Bf6 35. Be3 Be7 36. Bf4 Kf7 37. g4 Kg6 38. h3 h5 39. f3 hxg4 40. fxg4 Bf6 41.
Ne2 Bb7 42. Kc3 Kf7 43. Bg3 g5 44. Kd2 Kg6 45. Ke3 Be7 46. Nc3 Bc6 47. Be5 Bf6
48. Bg3 Kf7 49. Bd6 Kg6 50. Bg3 Kf7 51. Bh2 Ke7 52. Bg3 Kf7 53. Bh2 Be7 54. Bg3
Bf6 55. Bh2 Ke7 56. Bg3 {Game drawn by mutual agreement} 1/2-1/2

[Event "Team 45 45 League T78"]
[Site "Internet Chess Club"]
[Date "2018.10.20"]
[Round "5"]
[White "Kingfisher75"]
[Black "drsigmund1"]
[Result "1-0"]
[WhiteElo "1569"]
[BlackElo "1492"]
[Opening "French: Tarrasch, closed variation"]
[ECO "C05"]
[Time "14:00:28"]
[TimeControl "2700+45"]

1. e4 e6 2. d4 d5 3. Nd2 Nf6 4. e5 Nfd7 5. Bd3 c5 6. c3 Nc6 7. Ne2 Qb6 8. Nf3
cxd4 9. cxd4 Bb4+ 10. Bd2 Bxd2+ 11. Qxd2 O-O 12. O-O Qd8 13. Rac1 Nb6 14. h4 Bd7
15. Bxh7+ Kh8 16. Bb1 Nc4 17. Qc2 g6 18. a3 Ne7 19. Ng3 Rc8 20. Qe2 a6 21. h5
Bb5 22. Rfe1 Nxa3 23. Bd3 Nc4 24. b3 Na3 25. hxg6 Bxd3 26. Qxd3 Nxg6 27. Nh5 Nb5
28. Nf6 Kg7 29. Qe3 Qa5 30. Nh5+ Kg8 31. Qh6 {Black resigns} 1-0

[Event "Team 45 45 League T78"]
[Site "Internet Chess Club"]
[Date "2018.10.20"]
[Round "5"]
[White "olivermx"]
[Black "Kingofknights"]
[Result "0-1"]
[WhiteElo "1159"]
[BlackElo "1482"]
[Opening "Caro-Kann: advance variation"]
[ECO "B12"]
[Time "10:02:57"]
[TimeControl "2700+45"]

1. e4 c6 2. d4 d5 3. e5 c5 4. c3 cxd4 5. cxd4 e6 6. Nf3 Nc6 7. Bb5 Bd7 8. O-O a6
9. Ba4 b5 10. Bc2 Nb4 11. Bb3 Rc8 12. Nc3 Ne7 13. a3 Nbc6 14. Bc2 Nf5 15. Ne2 b4
16. axb4 Nxb4 17. Nc3 Nxc2 18. Qxc2 Bb4 19. Bd2 Qb6 20. Be3 O-O 21. Rfc1 a5 22.
Qe2 Bxc3 23. bxc3 Bb5 24. Qa2 a4 25. Qb2 Qc6 26. Bd2 Ra8 27. Rcb1 Bc4 28. Qb7
Qxb7 29. Rxb7 a3 30. Bc1 a2 31. Nd2 Rfb8 32. Rb2 Rxb2 33. Bxb2 Bd3 34. Nf3 Ne7
35. Ne1 Bb1 36. Nf3 Nc8 37. Nd2 Bd3 38. f3 Nb6 39. Kf2 Nc4 40. Nxc4 Bxc4 41. g4
Rb8 {White resigns} 0-1

[Event "Team 45 45 League T78"]
[Site "Internet Chess Club"]
[Date "2018.10.20"]
[Round "5"]
[White "Just-Jim"]
[Black "howah45"]
[Result "0-1"]
[WhiteElo "1309"]
[BlackElo "1122"]
[Opening "Queen's pawn game, Darooha variation "]
[ECO "D02"]
[Time "16:00:42"]
[TimeControl "2700+45"]

1. d4 d5 2. Nf3 Nf6 3. h3 Nc6 4. Bf4 Bf5 5. a3 e6 6. Nc3 Bd6 7. Bxd6 Qxd6 8. e3
a6 9. Nh4 Bg6 10. Nxg6 hxg6 11. Be2 Ne7 12. O-O Nf5 13. Na4 b6 14. c4 dxc4 15.
Bxc4 b5 16. Nc5 bxc4 17. Nb7 Qc6 18. Nc5 Nh4 19. f3 Nf5 20. Qe2 Ng3 21. Qxc4
Nxf1 22. Rxf1 O-O 23. e4 Nd7 24. e5 Nxc5 25. Qxc5 Qxc5 26. dxc5 Rab8 27. b4 Rfd8
28. Kh2 Rb5 29. Rf2 a5 30. f4 axb4 31. axb4 Rxb4 32. g4 Rd5 33. c6 Rbd4 34. Kg3
Kh7 35. h4 Rd3+ 36. Kg2 Rd2 37. g5 Rxf2+ 38. Kxf2 Rd2+ 39. Kg3 Rc2 40. Kg4 Rxc6
41. h5 gxh5+ 42. Kxh5 g6+ 43. Kg4 Rc1 44. Kf3 c5 45. Ke2 Ra1 46. Kd3 Ra8 47. Kc4
Rc8 48. Kc3 c4 49. Kc2 c3 50. Kc1 c2 51. f5 exf5 {White resigns} 0-1

[Event "Team 45 45 League T78"]
[Site "Internet Chess Club"]
[Date "2018.10.20"]
[Round "5"]
[White "cayo89"]
[Black "Constrictor"]
[Result "1-0"]
[WhiteElo "1716"]
[BlackElo "1530"]
[Opening "Queen's pawn"]
[ECO "A40"]
[Time "14:05:49"]
[TimeControl "2700+45"]

1. d4 c6 2. Nf3 d5 3. Bf4 Nf6 4. e3 Bf5 5. Bd3 Bxd3 6. Qxd3 e6 7. Nbd2 Bd6 8.
Bg3 Bxg3 9. hxg3 Nbd7 10. c4 dxc4 11. Qxc4 Nb6 12. Qc5 Qe7 13. Qc2 h6 14. O-O
O-O 15. Ne5 Rac8 16. Rac1 Rfd8 17. Ndf3 Nfd7 18. Nd3 Nd5 19. a3 N5f6 20. b4 Ne4
21. Nde5 Ndf6 22. Qa4 a6 23. Rc2 Nd5 24. Rfc1 f6 25. Nd3 g5 26. Nc5 Nd6 27. Qb3
Kf7 28. Qd3 Kg7 29. e4 Nc7 30. e5 Nf7 31. Nxb7 Rd5 32. exf6+ Qxf6 33. Rxc6 Qe7
34. Qc2 Rd7 35. Nc5 Rd6 36. Ne4 Rd7 37. a4 Qxb4 38. Nc5 Re7 39. Nxa6 Qb7 40.
Nxc7 {Black resigns} 1-0

[Event "Team 45 45 League T78"]
[Site "Internet Chess Club"]
[Date "2018.10.19"]
[Round "5"]
[White "Pawnchain"]
[Black "ocelotl"]
[Result "0-1"]
[WhiteElo "1389"]
[BlackElo "1334"]
[Opening "Queen's pawn game"]
[ECO "D02"]
[Time "14:01:42"]
[TimeControl "2700+45"]

1. d4 d5 2. Nf3 Bf5 3. Bf4 e6 4. e3 c5 5. c3 c4 6. Nbd2 Bd6 7. Bxd6 Qxd6 8. Ne5
Nd7 9. Qa4 Nf6 10. Nxd7 Nxd7 11. b4 O-O 12. Be2 Nf6 13. f4 Bg4 14. Bxg4 Nxg4
{White resigns} 0-1

[Event "Team 45 45 League T78"]
[Site "Internet Chess Club"]
[Date "2018.10.20"]
[Round "5"]
[White "dabodhi"]
[Black "grekor"]
[Result "1-0"]
[WhiteElo "1242"]
[BlackElo "1156"]
[Opening "Scotch gambit"]
[ECO "C44"]
[Time "14:01:53"]
[TimeControl "2700+45"]

1. e4 e5 2. Nf3 Nc6 3. d4 exd4 4. Bc4 Bb4+ 5. c3 dxc3 6. bxc3 Bc5 7. Bxf7+ Kxf7
8. Qd5+ Ke8 9. Qxc5 Nf6 10. Bg5 d6 11. Qb5 h6 12. Be3 Nxe4 13. Qh5+ Kf8 14. O-O
Qf6 15. Nd4 Ne5 16. Qe2 Qg6 17. f3 Nf6 18. Nd2 c5 19. Nb5 Bf5 20. Ne4 d5 21.
Bxc5+ Kg8 22. Nxf6+ gxf6 23. Rad1 Bd3 24. Rxd3 Qxd3 25. Qxd3 Nxd3 26. Bd4 Kg7
27. Nc7 Rac8 28. Nxd5 Rhf8 29. Rd1 Nf4 30. Nxf4 Kf7 31. Nh5 Kg6 32. Nf4+ Kf5 33.
g3 Rfd8 34. Re1 Rd6 35. Re3 Ra6 36. Re2 Ra5 37. Kf2 Ra6 38. Nd5 Re6 39. Rxe6
Kxe6 40. Nxf6 Rd8 41. Ng4 h5 42. Ne3 a5 43. a4 Rc8 44. f4 Rc4 45. Nxc4 {Black
resigns} 1-0

[Event "Team 45 45 League T78"]
[Site "Internet Chess Club"]
[Date "2018.10.28"]
[Round "5"]
[White "calsal"]
[Black "President"]
[Result "1-0"]
[WhiteElo "1789"]
[BlackElo "1599"]
[Opening "Queen's pawn: English defense"]
[ECO "A40"]
[Time "09:00:52"]
[TimeControl "2700+45"]

1. d4 b6 2. e4 Bb7 3. Nc3 e6 4. Nf3 Bb4 5. Bd3 Nf6 6. Bg5 h6 7. Bxf6 Qxf6 8. O-O
Bxc3 9. bxc3 O-O 10. Nd2 d6 11. f4 Nd7 12. Qg4 Qg6 13. Qh3 f5 14. Rae1 Rae8 15.
Rf3 fxe4 16. Nxe4 Bxe4 17. Bxe4 Qf6 18. Ref1 d5 19. Bd3 c5 20. Rg3 c4 21. Be2
Kh8 22. Bg4 Re7 23. Re3 Rd8 24. Rxe6 Rxe6 25. Bxe6 Nf8 26. f5 b5 27. Re1 b4 28.
Re5 bxc3 29. Bxd5 Rb8 30. Qxc3 Nd7 31. Re1 Nb6 32. Be6 Rd8 33. Re4 Rf8 34. Qa3
Qg5 35. Qxf8+ {Black resigns} 1-0

[Event "Team 45 45 League T78"]
[Site "Internet Chess Club"]
[Date "2018.10.20"]
[Round "5"]
[White "ascoli"]
[Black "Duguesclin"]
[Result "1-0"]
[WhiteElo "1755"]
[BlackElo "1479"]
[Opening "Sicilian defense"]
[ECO "B30"]
[Time "13:01:27"]
[TimeControl "2700+45"]

1. e4 c5 2. Nf3 Nc6 3. g3 d6 4. Bg2 Bg4 5. O-O e5 6. d3 Be7 7. Nc3 Nf6 8. Ne2 h6
9. h3 Be6 10. c3 Qb6 11. d4 cxd4 12. cxd4 exd4 13. Nfxd4 Bc4 14. Nf5 O-O 15. e5
Rfe8 16. exf6 Bxf6 17. Re1 Rad8 18. Nc3 Be5 19. Qg4 g6 20. Nxh6+ Kh7 21. Qxc4
Re7 22. Be3 Qxb2 23. Nd5 Red7 24. Reb1 Qa3 25. Rb3 Na5 26. Qc1 Qxc1+ 27. Rxc1
Nxb3 28. axb3 f5 29. Bg5 Rf8 30. f4 Bd4+ 31. Kh2 Bg7 32. Bf1 Bxh6 33. Nf6+ Rxf6
34. Bxf6 d5 35. Rc8 Bg7 36. Bxg7 Kxg7 37. Bb5 Re7 38. Rd8 a6 39. Bf1 Re1 40. Bg2
Re2 41. Rxd5 Kh6 42. g4 fxg4 43. hxg4 Re3 44. b4 Rb3 45. Rd4 b6 46. Bd5 Rb2+ 47.
Kg3 a5 48. bxa5 bxa5 49. Bf3 Rb7 50. Bxb7 {Black resigns} 1-0

[Event "Team 45 45 League T78"]
[Site "Internet Chess Club"]
[Date "2018.10.21"]
[Round "5"]
[White "julesraider"]
[Black "kllrchris"]
[Result "1-0"]
[WhiteElo "1587"]
[BlackElo "1640"]
[Opening "Benkö gambit accepted"]
[ECO "A58"]
[Time "18:01:50"]
[TimeControl "2700+45"]

1. d4 Nf6 2. c4 c5 3. d5 b5 4. cxb5 a6 5. bxa6 g6 6. g3 d6 7. Bg2 Bg7 8. Nc3
Bxa6 9. Nf3 Nfd7 10. O-O Nb6 11. Re1 N8d7 12. e4 O-O 13. Bf4 Nc4 14. Qc1 Qa5 15.
Bh6 Bxh6 16. Qxh6 Nxb2 17. Ng5 Nf6 18. e5 dxe5 19. Nce4 {Black resigns} 1-0

[Event "Team 45 45 League T78"]
[Site "Internet Chess Club"]
[Date "2018.10.17"]
[Round "5"]
[White "mongmong"]
[Black "MathBandit"]
[Result "0-1"]
[WhiteElo "1441"]
[BlackElo "1542"]
[Opening "Colle system"]
[ECO "D05"]
[Time "21:01:59"]
[TimeControl "2700+45"]

1. d4 d5 2. Nf3 Nf6 3. e3 e6 4. Bd3 c5 5. c3 Nc6 6. Nbd2 Bd6 7. O-O O-O 8. a3 e5
9. dxe5 Nxe5 10. Nxe5 Bxe5 11. Nf3 Bc7 12. h3 Qd6 13. Qe2 Ne4 14. Rd1 Bf5 15.
Bxe4 Bxe4 16. g3 Qg6 17. Nh4 Qe6 18. Kh2 Qf6 19. Qg4 {White resigns} 0-1

[Event "Team 45 45 League T78"]
[Site "Internet Chess Club"]
[Date "2018.10.19"]
[Round "5"]
[White "primerpaso"]
[Black "Packerfan"]
[Result "0-1"]
[WhiteElo "1755"]
[BlackElo "1754"]
[Opening "English: Carls' Bremen system"]
[ECO "A22"]
[Time "14:31:59"]
[TimeControl "2700+45"]

1. c4 Nf6 2. Nc3 e5 3. g3 Bc5 4. Bg2 c6 5. e3 O-O 6. Nge2 d6 7. O-O Bf5 8. d4
exd4 9. Nxd4 Bg6 10. b3 Qc7 11. Bb2 Nbd7 12. Nce2 Rad8 13. Nf4 Ne5 14. Rc1 Rfe8
15. Re1 a5 16. Nc2 Be4 17. Bxe4 Nxe4 18. a3 Ng5 19. Re2 Qd7 20. Ne1 Nh3+ 21. Kg2
Nxf2 22. Kxf2 Ng4+ 23. Kf3 Nxe3 24. Rxe3 Rxe3+ 25. Kg2 Rde8 26. Ned3 Ba7 27. Qd2
Qg4 28. Re1 Qf3+ 29. Kh3 Rxe1 30. Nxe1 Qf1+ 31. Neg2 Qf2 32. Qc3 f6 33. Ba1 Bb6
34. Bb2 Bd8 35. b4 g5 36. Nh5 Kf7 37. Qd4 Qxd4 38. Bxd4 axb4 39. axb4 Re4 40.
Bf2 g4+ 41. Kh4 f5+ {White resigns} 0-1

[Event "Team 45 45 League T78"]
[Site "Internet Chess Club"]
[Date "2018.10.20"]
[Round "5"]
[White "Gojira"]
[Black "kabindra"]
[Result "1-0"]
[WhiteElo "1682"]
[BlackElo "1641"]
[Opening "Queen's pawn: London system"]
[ECO "A45"]
[Time "12:00:06"]
[TimeControl "2700+45"]

1. d4 Nf6 2. Bf4 g6 3. e3 Bg7 4. Be2 d6 5. h3 c5 6. c3 cxd4 7. exd4 Be6 8. Nd2
O-O 9. Ngf3 Qb6 10. b3 Nd5 11. Nc4 Qc7 12. Bd2 b5 13. Na3 Nxc3 14. Nxb5 Nxb5 15.
Bxb5 Qb6 16. Be2 Nc6 17. Be3 Qb4+ 18. Bd2 Qb6 19. Be3 Bd5 20. O-O Rac8 21. Qd2
Bxf3 22. Bxf3 Nxd4 23. Kh1 Nxf3 24. gxf3 Qb7 25. Qe2 Bxa1 26. Rxa1 Rc3 27. Kg2
Rfc8 28. Qd2 Qc6 29. Qd4 a6 30. Re1 e5 31. Qh4 d5 32. Bd2 Rd3 33. Rc1 Qd7 34.
Bh6 f5 35. Rxc8+ Qxc8 36. Qf6 {Black resigns} 1-0

[Event "Team 45 45 League T78"]
[Site "Internet Chess Club"]
[Date "2018.10.20"]
[Round "5"]
[White "QuieroAprender"]
[Black "Bizzy-Ketty"]
[Result "0-1"]
[WhiteElo "1698"]
[BlackElo "1573"]
[Opening "Sicilian: Anderssen variation"]
[ECO "B41"]
[Time "18:10:54"]
[TimeControl "2700+45"]

1. e4 c5 2. Nf3 e6 3. d4 cxd4 4. Nxd4 Nf6 5. Nc3 Nc6 6. Nxc6 bxc6 7. Bd3 d5 8.
exd5 cxd5 9. O-O Bd6 10. b3 O-O 11. Bb2 e5 12. Nb5 Bb8 13. h3 a6 14. Na3 Qd6 15.
f4 e4 16. Be2 Rd8 17. c3 Qc5+ 18. Qd4 Qe7 19. Kh1 Ne8 20. Nc2 Qh4 21. Qf2 Qh6
22. Nd4 Bd7 23. Rad1 Nd6 24. c4 dxc4 25. bxc4 Ba7 26. Kh2 Rdc8 27. Qe3 Qg6 28.
Rc1 Bc5 29. Qg3 Qxg3+ 30. Kxg3 Bxd4 31. Bxd4 Nf5+ 32. Kf2 Nxd4 {White resigns}
0-1

[Event "Team 45 45 League T78"]
[Site "Internet Chess Club"]
[Date "2018.10.20"]
[Round "5"]
[White "tryanything"]
[Black "olivermx"]
[Result "1-0"]
[WhiteElo "1498"]
[BlackElo "1155"]
[Opening "Giuoco Piano"]
[ECO "C50"]
[Time "19:56:42"]
[TimeControl "2700+45"]

1. e4 e5 2. Nf3 Nc6 3. Bc4 Bc5 4. O-O Nf6 5. d4 Bxd4 6. Nxd4 Nxd4 7. f4 Nc6 8.
Bxf7+ Kxf7 9. fxe5 Nxe5 10. Qd5+ Kf8 11. Qxe5 d6 12. Qg3 Bd7 13. Nc3 Be6 14. Bg5
Rg8 15. Rad1 Qe7 16. Nd5 Bxd5 17. exd5 Re8 18. Qh4 {Black resigns} 1-0

[Event "Team 45 45 League T78"]
[Site "Internet Chess Club"]
[Date "2018.10.19"]
[Round "5"]
[White "fireball"]
[Black "idjit"]
[Result "1/2-1/2"]
[WhiteElo "1611"]
[BlackElo "1540"]
[Opening "French: Tarrasch, closed variation"]
[ECO "C05"]
[Time "20:14:25"]
[TimeControl "2700+45"]

1. e4 e6 2. d4 d5 3. Nd2 Nf6 4. e5 Nfd7 5. Nb3 c5 6. c3 Nc6 7. Nf3 f6 8. exf6
Qxf6 9. Bg5 Qf7 10. Bb5 Bd6 11. O-O O-O 12. Re1 Re8 13. Qc2 e5 14. Bxc6 bxc6 15.
dxe5 Nxe5 16. Nxe5 Bxe5 17. Nxc5 Bf5 18. Qd2 Qc7 19. g3 Bd6 20. Nb3 Be4 21. Nd4
Qd7 22. Bf4 c5 23. f3 cxd4 24. fxe4 dxc3 25. bxc3 Bxf4 26. Qxf4 dxe4 27. Rxe4
Qc6 28. Rxe8+ Rxe8 29. Rf1 h6 30. Qf7+ Kh7 31. Qf5+ Kg8 32. Qf7+ Kh7 33. Qf3
Qc5+ 34. Kg2 Re3 35. Qf5+ Qxf5 36. Rxf5 Rxc3 37. Ra5 Rc7 38. Ra6 Kg8 39. g4 Kf8
40. a4 Ke8 41. Kg3 Kd8 42. h4 Kc8 43. g5 hxg5 44. hxg5 Kb7 45. Ra5 a6 46. Kf4
Kb6 47. Re5 Rc4+ 48. Kf5 Rxa4 49. Kg6 Rc4 50. Kxg7 a5 51. g6 a4 52. Re6+ Rc6 53.
Kf7 Rxe6 54. Kxe6 a3 55. g7 a2 56. g8=Q a1=Q 57. Qd8+ Kb5 58. Qb8+ Kc4 59. Qc7+
Kb3 60. Qb6+ Kc2 61. Qf2+ Kb1 {Game drawn by mutual agreement} 1/2-1/2

[Event "Team 45 45 League T78"]
[Site "Internet Chess Club"]
[Date "2018.10.19"]
[Round "5"]
[White "noblitz-oblige"]
[Black "SuperPuzzler"]
[Result "1-0"]
[WhiteElo "1504"]
[BlackElo "1497"]
[Opening "Giuoco Pianissimo: Italian four knights variation"]
[ECO "C50"]
[Time "23:31:54"]
[TimeControl "2700+45"]

1. e4 e5 2. Nf3 Nc6 3. Bc4 Bc5 4. d3 Nf6 5. Nc3 O-O 6. O-O d6 7. h3 h6 8. a3 a5
9. Nd5 Be6 10. Ba2 Nxd5 11. exd5 Bxh3 12. gxh3 Ne7 13. d4 exd4 14. Nxd4 Ng6 15.
c3 Qf6 16. Qg4 Ne5 17. Qf4 Qg6+ 18. Kh2 Nd3 19. Qg3 Bxd4 20. cxd4 Qh7 21. Bb1 f5
22. Bxd3 g5 23. f4 Kh8 24. fxg5 Rg8 25. Rxf5 Qg7 26. Bd2 Qxd4 27. Bc3 Rxg5 28.
Rxg5 hxg5 29. Bxd4+ Kg8 30. Qxg5+ Kf8 31. Qg7+ Ke8 32. Bf6 {Black resigns} 1-0